 Dungeon Crawl Stone Soup version 0.28-a0-69-g49dcd67cf8 (webtiles) character file.

Game seed: 887224230606468238

149 MovingMist the Covered (level 5, -1/33 HPs)
             Began as a Gargoyle Fighter on July 31, 2021.
             Slain by a gnoll (7 damage)
             ... on level 3 of the Dungeon.
             The game lasted 00:02:50 (2337 turns).

MovingMist the Covered (Gargoyle Fighter)           Turns: 2337, Time: 00:02:51

Health: -1/33      AC: 13    Str: 20    XL:     5   Next: 31%
Magic:  5/5        EV:  7    Int:  9    God:
Gold:   92         SH:  9    Dex:  9    Spells: 4/4 levels left

rFire   + . .      SeeInvis .   a - +0 flail
rCold   . . .      Faith    .   c - +0 kite shield
rNeg    + . .      Spirit   .   k - +2 scale mail {rF+}
rPois   ∞          Reflect  .   (no helmet)
rElec   +          Harm     .   (no cloak)
rCorr   .          Rampage  .   (no gloves)
Will    .....                   (no boots)
Stlth   ..........              (no amulet)
HPRegen 0.11/turn               (no ring)
MPRegen 0.09/turn               (no ring)

@: no status effects
A: sickness immunity, AC +4, negative energy resistance 1, electricity
resistance, torment resistance 1, petrification resistance
a: no special abilities


You were on level 3 of the Dungeon.
You visited 1 branch of the dungeon, and saw 3 of its levels.

You collected 92 gold pieces.

Inventory:

Hand Weapons
 a - a +0 flail (weapon)
Missiles
 m - 2 throwing nets (quivered)
Armour
 c - a +0 kite shield (worn)
 k - a +2 scale mail of fire resistance (worn)
Jewellery
 n - a +6 ring of intelligence
 o - a ring of ice
Scrolls
 b - a scroll of noise {unknown}
 f - a scroll of identify {unknown}
 g - a scroll of magic mapping {unknown}
 h - a scroll of acquirement {unknown}
 i - a scroll of teleportation {unknown}
 j - a scroll of vulnerability {unknown}
 l - a scroll of silence {unknown}
Potions
 d - 2 potions of might
 e - a potion of lignification {unknown}
 p - a potion of resistance {unknown}


   Skills:
 + Level 4.1 Fighting
 + Level 2.9 Maces & Flails
 * Level 4.7 Armour
 + Level 1.4 Dodging
 - Level 3.2 Shields


You had 4 spell levels left.
You didn't know any spells.
Your spell library was empty.

Dungeon Overview and Level Annotations

Branches:
Dungeon (3/15)

Altars:

Shops:
D:2 =


Innate Abilities, Weirdness & Mutations

You are immune to sickness and miasma.
Your stone body is resilient. (AC +4)
You are immune to poison.
You resist negative energy. (rN+)
You are resistant to electric shocks. (rElec)
You are resistant to unholy torment.
You are immune to petrification.


Message History

You kill the orc!
You closely miss the orc. You block the gnoll's attack.
The orc hits you with a +0 dagger.
You closely miss the orc. You block the gnoll's attack.
You block the orc's attack. The orc hits you but does no damage.
The gnoll hits you from afar with a +0 halberd!
You block the orc's attack. The orc hits you with a +0 flail.
The orc barely misses you.
The orc throws a boomerang.
You block the boomerang.
You see here a jackal skeleton.
Things that are here:
a +0 mace; a +0 scale mail; an orc skeleton You hit the orc.
The orc is almost dead.
The orc hits you but does no damage. x2
You hit the orc.
You kill the orc!
You block the orc's attack.
You see here a +0 short sword.
The gnoll hits you with a +0 halberd.
You closely miss the gnoll. The orc hits you but does no damage.
The gnoll hits you with a +0 halberd. The orc hits you but does no damage.
You closely miss the gnoll. You block the gnoll's attack.
The orc barely misses you. The gnoll hits you with a +0 halberd.
* * * LOW HITPOINT WARNING * * *
You sock the gnoll!
The gnoll is severely wounded.
The orc hits you but does no damage. The gnoll barely misses you.
You block the orc's attack.
You hit the gnoll.
The gnoll is almost dead.
You block the gnoll's attack. You block the orc's attack.
The gnoll hits you with a +0 halberd.
* * * LOW HITPOINT WARNING * * *
You hit the gnoll.
You kill the gnoll!
The orc closely misses you. You block the orc's attack.
The gnoll hits you with a +0 flail!
You die...

......................# .
≈≈≈≈≈≈....≈≈≈≈≈≈≈≈≈≈≈≈####
≈≈≈≈≈≈....≈≈≈≈≈≈≈≈≈≈≈≈≈≈≈≈
≈≈≈≈≈≈....≈≈≈≈≈≈≈≈≈≈≈≈≈≈≈
.......).....K...........
.>...(......ggg.)Ko.#
###.#####.###o####..# #.
#g# #o# ##.# # ###g# #@#
#.# #o..# #g#####.###.#
##K### #......o..#.# #
#go# #..####K#.#.# #.##g##
#..# #g#.#.#
#.##.#...#####..# #.#.#.#
#.....K#........# ##)#.#.#
######o..####.#)###.<..#.#
##h## #.#.##..#....#


You could see a kobold brigand, 4 gnolls and 2 orcs.

Vanquished Creatures
  An orc priest (D:3)
  Jessica (D:2)
  A gnoll (D:3)
  2 adders (D:2)
  A worm (D:2)
  3 dart slugs
  6 orcs (D:3)
  5 endoplasms
  A giant cockroach (D:3)
  4 goblins
  5 hobgoblins (D:1)
  10 jackals
  2 quokkas (D:1)
  4 ball pythons (D:1)
  3 frilled lizards
  6 kobolds
  4 rats
59 creatures vanquished.

Notes
Turn   | Place    | Note
-------+----------+-------------------------------------------
     0 | D:1      | MovingMist the Gargoyle Fighter began the quest for the
                  | Orb.
     0 | D:1      | Reached XP level 1. HP: 14/14 MP: 1/1
   109 | D:1      | Reached XP level 2. HP: 19/19 MP: 2/2
   666 | D:1      | Reached XP level 3. HP: 22/23 MP: 3/3
  1209 | D:2      | Noticed Jessica
  1218 | D:2      | Killed Jessica
  1219 | D:2      | Reached skill level 1 in Dodging
  1219 | D:2      | Reached XP level 4. HP: 17/29 MP: 4/4
  1364 | D:2      | Found Othruxiz's Jewellery Boutique.
  1848 | D:3      | Reached XP level 5. HP: 25/33 MP: 5/5
  2268 | D:3      | Noticed a kobold brigand
  2337 | D:3      | Slain by a gnoll

Illustrated notes

Levels and vault maps discovered:
D:1:      wander_arrival_lonely_grave, layout_basic
D:2:      layout_rooms, serial_shops, shop, grunt_decor_junction,
          corexii_leaking_fountain, hangedman_glass_teeth, uniq_jessica
D:3:      lemuel_castle_with_subvaults [lemuel_castle_interior_original],
          layout_loops_ring, lightli_corner_chamber

Skill      XL: |  1  2  3  4 |
---------------+-------------+-----
Armour         | 4 |  4.7
Dodging        | 1 |  1.4
Fighting       | 4 |  4.1
Maces & Flails | |  2.9
Shields        | |  3.2

Action                   |  1- 3 |  4- 6 || total
-------------------------+-------+-------++-------
Melee: Flail             |   104 |    95 ||   199
Armor: Scale mail        |    65 |    83 ||   148
Dodge: Dodged            |    40 |    48 ||    88
Block: Kite shield       |    45 |    91 ||   136

Table legend: (Time is in decaauts)
 A = Elapsed time spent in this place.
 B = Non-inter-level travel time spent in this place.
 C = Inter-level travel time spent in this place.
 D = Time resting spent in this place.
 E = Time spent auto-exploring this place.
 F = Levels seen in this place.
 G = Mean time per level.
                   A        B        C        D        E       F      G
               +--------+--------+--------+--------+--------+-----+--------+
         Total |   2437 |   2390 |     47 |    473 |   1413 |   3 |  812.3 |
       Dungeon |   2437 |   2390 |     47 |    473 |   1413 |   3 |  812.3 |
               +--------+--------+--------+--------+--------+-----+--------+

Top non-repeatable levels by time:
     D:1: 1026 daAuts
     D:2: 873 daAuts
     D:3: 537 daAuts
